 Dungeon Crawl Stone Soup version 0.27.0-1-g7a089689b8 (webtiles) character file.

Game seed: 8802672680146828360

21 Descartes the Firebug (level 2, 0/12 HPs)
             Began as a Felid Wanderer on Aug 1, 2021.
             Was a Follower of Makhleb.
             Slain by a ball python (2 damage)
             ... on level 1 of the Dungeon.
             The game lasted 00:02:54 (609 turns).

Descartes the Firebug (Felid Wanderer)               Turns: 609, Time: 00:02:54

Health: 0/12       AC:  1    Str:  7    XL:     2   Next: 65%
Magic:  4/4        EV: 13    Int: 16    God:    Makhleb [*.....]
Gold:   27         SH:  0    Dex: 13    Spells: 0/3 levels left
                                        Lives:  0   Deaths: 0

rFire    . . .     SeeInvis +     - Unarmed
rCold    . . .     Faith    .   (shield unavailable)
rNeg     . . .     Spirit   .   (armour unavailable)
rPois    .         Reflect  .   (helmet unavailable)
rElec    .         Harm     .   (cloak unavailable)
rCorr    .         Rampage  .   (gloves unavailable)
Will     .....                  (boots unavailable)
Stlth    ++........             (no amulet)
HPRegen  0.04/turn              (no ring)
MPRegen  0.09/turn              (no ring)

@: constricted, quick
A: very small, claws 1, fangs 3, see invisible, speed 1, shaggy fur 1, stealthy
paws, no weapons or thrown items, no armour, multi-lived
a: Renounce Religion


You were on level 1 of the Dungeon.
You worshipped Makhleb.
Makhleb was aware of your devotion.
You visited 1 branch of the dungeon, and saw 1 of its levels.

You collected 27 gold pieces.

Inventory:

Scrolls
 c - a scroll of teleportation {unknown}
 d - a scroll of noise {unknown}
 e - a scroll of brand weapon {unknown}
 f - a scroll of identify {unknown}
Potions
 b - a potion of berserk rage {unknown}
 g - 2 potions of heal wounds {unknown}
Miscellaneous
 a - a piece from Xom's chessboard (15/15)


   Skills:
 - Level 1.0 Fighting
 + Level 0.9 Dodging
 + Level 2.0 Stealth
 + Level 2.1 Unarmed Combat
 - Level 1.0 Spellcasting
 + Level 0.8 Translocations
 - Level 4.0 Fire Magic
 - Level 1.1 Evocations


You couldn't memorise any spells.
You knew the following spells:

 Your Spells              Type           Power      Damage    Failure   Level
a - Magic Dart            Conj           4%         1d3       22%         1
b - Blink                 Tloc           N/A        N/A       26%         2

Your spell library contained the following spells:

 Spells                   Type           Power      Damage    Failure   Level
 Conjure Flame            Conj/Fire      7%         6-21      30%         3
 Call Imp                 Summ           0%         N/A       34%         2
 Corpse Rot               Necr/Air       N/A        N/A       34%         2
 Slow                     Hex            0%         N/A       34%         2
 Sublimation of Blood     Necr           0%         N/A       34%         2
 Mephitic Cloud           Conj/Pois/Air  0%         N/A       56%         3
 Conjure Ball Lightning   Conj/Air       0%         3x3d6     100%        6
 Discord                  Hex            0%         N/A       100%        8
 Disjunction              Tloc           1%         N/A       100%        8


Dungeon Overview and Level Annotations

Branches:
Dungeon (1/15)

Altars:
Makhleb


Innate Abilities, Weirdness & Mutations

You have sharp claws.
You have razor-sharp teeth.
You have supernaturally acute eyesight. (SInv)
You cover ground quickly. (Speed+)
You are covered in fur. (AC +1)
Your paws help you pounce on unaware monsters.
You are incapable of wielding weapons or throwing items.
You cannot wear armour.
You gain extra lives every three experience levels.


Message History

The bat barely misses you. The bat hits you. The bat misses you.
You scratch the bat.
You kill the bat!
Makhleb accepts your kill.
You feel better.
You barely miss the goblin.
The goblin is heavily wounded.
The goblin misses you.
You barely miss the goblin.
The goblin is moderately wounded.
The goblin closely misses you.
You barely miss the goblin. Your bite misses the goblin.
The goblin is moderately wounded.
The goblin barely misses you.
You barely miss the goblin. Your bite misses the goblin.
The goblin is moderately wounded.
The goblin hits you with a +0 dagger.
You closely miss the goblin.
The goblin is moderately wounded.
The goblin closely misses you.
You barely miss the goblin. Your bite misses the goblin.
The goblin is moderately wounded.
The goblin hits you but does no damage.
You scratch the goblin.
You kill the goblin!
Makhleb accepts your kill.
You feel better.
Your Stealth skill increases to level 2!
You barely miss the ball python. The ball python misses you.
The ball python grabs you. The ball python constricts you.
The ball python closely misses you.
* * * LOW HITPOINT WARNING * * *
The ball python constricts you.
You closely miss the ball python. The ball python misses you.
* * * LOW HITPOINT WARNING * * *
The ball python constricts you.
You barely miss the ball python. The ball python bites you.
You die...

#####..># #.#.....<.....#.#
........# #.#...........#.#
#####...#########.#############.#
##..................#####....
################............
#######..##......(..
###................... #
#########.>.####..#######.....
..##..........KS@...## #.....
............######### #####.
....######### ## ....# # ....#
....# ....# ....# ...##


You could see a ball python and a kobold.

Vanquished Creatures
  A dart slug (D:1)
  3 endoplasms (D:1)
  3 hobgoblins (D:1)
  2 kobolds (D:1)
  2 ball pythons (D:1)
  2 bats (D:1)
  3 frilled lizards (D:1)
  2 goblins (D:1)
  2 rats (D:1)
20 creatures vanquished.

Notes
Turn   | Place    | Note
-------+----------+-------------------------------------------
     0 | D:1      | Descartes the Felid Wanderer began the quest for the Orb.
     0 | D:1      | Descartes set off with the following items: a piece from
                  | Xom's chessboard (15/15); and the following spell
                  | memorised: Magic Dart; and the following spells available
                  | to memorise: Conjure Flame, Blink, Call Imp, Corpse Rot,
                  | Slow, Sublimation of Blood, Mephitic Cloud
     0 | D:1      | Reached XP level 1. HP: 9/9 MP: 3/3
    88 | D:1      | Reached skill level 4 in Fire Magic
   116 | D:1      | Found a faded altar of an unknown god.
   122 | D:1      | Reached XP level 2. HP: 12/12 MP: 0/4
   197 | D:1      | Learned a level 2 spell: Blink
   200 | D:1      | Became a worshipper of Makhleb the Destroyer
   200 | D:1      | Reached * piety under Makhleb
   609 | D:1      | Slain by a ball python

Illustrated notes

Levels and vault maps discovered:
D:1:      lightli_arrival_quake, layout_rooms,
          dreamdust_ecumenical_altar_statues

Skill      XL: |  1  2 |
---------------+-------+-----
Fire Magic     | 4 |  4.0
Stealth        | 2 |  2.0
Fighting       | |  1.0
Dodging        | |  0.9
Unarmed Combat | |  2.1
Spellcasting   | |  1.0
Translocations | |  0.8
Evocations     | |  1.1

Action                   || total
-------------------------++-------
Melee: Unarmed           ||    50
       Bite              ||     3
 Cast: Magic Dart        ||     5
 Stab: Sleeping          ||     1
Armor: Skin              ||     3
Dodge: Dodged            ||    50
